 Dungeon Crawl Stone Soup version 0.13.0-17-g5f0e85f (webtiles) character file.

324 Kejsarherre the Fighter (level 5, -2/54 HPs)
             Began as an Ogre Wanderer on Oct 21, 2013.
             Slain by a worm (11 damage)
             ... on Level 3 of the Dungeon.
             The game lasted 00:03:17 (2580 turns).

Kejsarherre the Fighter (Ogre Wanderer)             Turns: 2580, Time: 00:03:17

HP  -2/54        AC  3     Str 18      XL: 5   Next: 60%
MP   7/7         EV  9     Int 11      God:
Gold 144         SH  0     Dex  9      Spells:  1 memorised,  5 levels left

Res.Fire  : . . .   See Invis. : .   a - +3 spear {=f}
Res.Cold  : . . .   Warding    : .   b - +0 robe
Life Prot.: . . .   Conserve   : .   (shield restricted)
Res.Poison: .       Res.Corr.  : .   (helmet restricted)
Res.Elec. : .       Clarity    : .   (no cloak)
Sust.Abil.: . .     Spirit.Shd : .   (gloves unavailable)
Res.Mut.  : .       Stasis     : .   (boots unavailable)
Res.Rott. : .       Flight     : .   (no amulet)
Saprovore : + . .                    (no ring)
                                     (no ring)

@: slightly resistant to hostile enchantments, very unstealthy
A: unfitting armour, fast metabolism 1, saprovore 1, tough skin 1
a: no special abilities


You were on level 3 of the Dungeon.
You were hungry.

You visited 1 branch of the dungeon, and saw 3 of its levels.

You collected 94 gold pieces.

Inventory:

Hand weapons
 a - a +3,+3 spear (weapon) {=f}
Armour
 b - a +0 robe (worn)
Comestibles
 c - 3 meat rations
Scrolls
 f - 2 scrolls of enchant armour {unknown}
 g - 2 scrolls of identify {unknown}
 h - a scroll of curse weapon {unknown}
 i - 2 scrolls of blinking {unknown}
 k - 2 scrolls of random uselessness {unknown}
 m - 2 scrolls of noise {unknown}
 n - a scroll of amnesia {unknown}
 p - a scroll of remove curse {unknown}
 q - a scroll of teleportation
Potions
 d - a potion of might {unknown}
 e - 2 potions of restore abilities {unknown}
 j - 2 potions of heal wounds {unknown}
 l - 2 potions of curing {unknown}
 o - a potion of invisibility {unknown}
 r - a potion of berserk rage {unknown}


   Skills:
 + Level 9.6 Fighting
 - Level 1.1 Throwing
   Level 1.0 Shields
 - Level 1.2 Spellcasting
   Level 1.0 Hexes
 - Level 1.0 Necromancy


You had 5 spell levels left.
You knew the following spells:

 Your Spells              Type           Power        Failure   Level  Hunger
a - Pain                  Necr           #...         24%         1    ##.....


Dungeon Overview and Level Annotations

Branches:
Dungeon (3/27)

Altars:
Zin

Shops:
D:2 *


Innate Abilities, Weirdness & Mutations

You are too large for most types of armour.
You have a fast metabolism.
You can tolerate rotten meat.
You have tough skin (AC +1).


Message History

Aim: an orc, wielding an orcish club (moderately wounded)
You hit the orc.
The orc is severely wounded.
The orc hits you but does no damage.
You see here an orcish spear.
Attack whom?
Press: ? - help, Dir - move target cursor, f/p - orc
Aim: an orc, wielding an orcish club (severely wounded)
You barely miss the orc.
The orc is severely wounded.
The orc hits you but does no damage.
Attack whom?
Press: ? - help, Dir - move target cursor, f/p - orc
Aim: an orc, wielding an orcish club (severely wounded)
You barely miss the orc.
The orc is severely wounded.
The orc hits you with an orcish club.
* * * LOW HITPOINT WARNING * * *
The worm bites you!
You die...

#........########..
###########..####............
.......%<....# ..........>..
.........%...# ...........
.....#####..# ......... ...≈
#..# ......... ..≈ #..#
.......P. . ≈. #..# ..
.......P
≈≈≈.###.@####..........P.
≈≈≈.....ow.....# ######..
≈.......)......# #..
..#####.)####..# #.. #..# .#
#.. #..# #.. #).# .
.......))# .........


You could see a worm and an orc.

Vanquished Creatures
  A crimson imp (D:2)
  An orc priest (D:3)
  A worker ant (D:3)
  An adder (D:3)
  4 gnolls
  A giant mite (D:3)
  3 orcs (D:3)
  8 bats
  4 giant cockroaches
  7 goblins
  4 hobgoblins
  A quokka (D:3)
  3 giant newts
  A hobgoblin skeleton (D:3)
  2 jackals (D:1)
  5 kobolds
  4 rats
51 creatures vanquished.

Vanquished Creatures (others)
  An orc (D:2)
1 creature vanquished.

Grand Total: 52 creatures vanquished

Notes
Turn   | Place    | Note
--------------------------------------------------------------
     0 | D:1      | Kejsarherre, the Ogre Wanderer, began the quest for the Orb.
     0 | D:1      | Reached XP level 1. HP: 18/18 MP: 2/2
   360 | D:1      | Reached skill level 7 in Fighting
   360 | D:1      | Reached XP level 2. HP: 24/27 MP: 3/3
   860 | D:1      | Reached XP level 3. HP: 35/35 MP: 4/4
  1245 | D:2      | Found Zin's Purification Station.
  1248 | D:2      | Found a glowing silver altar of Zin.
  1714 | D:2      | Reached skill level 8 in Fighting
  1714 | D:2      | Reached XP level 4. HP: 38/45 MP: 6/6
  2068 | D:3      | Reached skill level 9 in Fighting
  2108 | D:2      | Reached XP level 5. HP: 18/53 MP: 7/7
  2580 | D:3      | Slain by a worm

Action                   |  1- 3 |  4- 6 || total
-------------------------+-------+-------++-------
Melee: Spear             |   107 |    74 ||   181
 Stab: Sleeping          |     1 |       ||     1
